 Dungeon Crawl Stone Soup version 0.31-a0-167-g1c394c0614 (webtiles) character file.

Game seed: 10909895317416980588

34 jasper the Shooter (level 3, -3/19 HPs)
             Began as a Spriggan Hunter on June 14, 2023.
             Slain by Natasha (5 damage)
             ... on level 2 of the Dungeon.
             The game lasted 00:01:25 (586 turns).

jasper the Shooter (Spriggan Hunter)                 Turns: 586, Time: 00:01:26

Health: -3/19      AC:  2    Str:  9    XL:     3   Next: 14%
Magic:  4/4        EV: 17    Int: 10    God:
Gold:   51         SH:  0    Dex: 18    Spells: 2/2 levels left

rFire   + . .        a - +0 shortbow
rCold   + . .        (shield currently unavailable)
rNeg    . . .        c - +0 robe
rPois   +            (helmet restricted)
rElec   +            (no cloak)
rCorr   +            (gloves unavailable)
SInv    +            (boots unavailable)
Will    .....        (no amulet)
Stlth   +++          (no ring)
HPRegen 0.23/turn    (no ring)
MPRegen 0.09/turn

%: no passive effects
@: resistant, very quick
A: very small, no large weapons, unfitting armour, see invisible, speed 3
a: no special abilities


You were on level 2 of the Dungeon.
You visited 1 branch of the dungeon, and saw 2 of its levels.

You collected 51 gold pieces.

Inventory:

Hand Weapons
 a - a +0 shortbow (weapon)
Armour
 c - a +0 robe (worn)
Scrolls
 b - a scroll of butterflies
 h - a scroll of poison
 j - a scroll of teleportation
Potions
 d - a potion of degeneration
 l - a potion of ambrosia {unknown}
 m - a potion of lignification {unknown}


   Skills:
 + Level 2.3 Fighting
 - Level 4.0 Ranged Weapons
 - Level 2.6 Dodging
 + Level 3.7 Stealth


You had 2 spell levels left.
You didn't know any spells.
Your spell library contained the following spells:

 Spells                   Type           Power      Damage    Failure   Level
 Summon Small Mammal      Summ           0%         N/A       36%         1
 Call Canine Familiar     Summ           0%         N/A       75%         3
 Summon Guardian Golem    Hex/Summ       0%         N/A       75%         3


Dungeon Overview and Level Annotations

Branches:
Dungeon (2/15)

Altars:

Annotations:
D:2 Natasha


Innate Abilities, Weirdness & Mutations

You are very small and have problems with some larger weapons.
You are too small for most types of armour.
You have supernaturally acute eyesight. (SInv)
You cover ground extremely quickly. (Speed+++)


Message History

Aim: a goblin, wielding a +0 dagger (58% to hit)
You shoot an arrow. The arrow closely misses the goblin.
Fire: a) +0 shortbow
Press: ? - help, Q - select action Shift-Dir - straight line, f/p - goblin
Aim: a goblin, wielding a +0 dagger (58% to hit)
You shoot an arrow. The arrow hits the goblin!
You kill the goblin!
You can't go up here!
Fire: a) +0 shortbow
Press: ? - help, Q - select action Shift-Dir - straight line, f - Natasha
Aim: Natasha (58% to hit)
You shoot an arrow. The arrow hits Natasha!
Natasha is heavily wounded.
Natasha growls.
Natasha claws you.
* * * LOW HITPOINT WARNING * * *
You take 5 damage, and have 4/19 hp.
MASSIVE DAMAGE!!
Fire: a) +0 shortbow
Press: ? - help, Q - select action Shift-Dir - straight line, f/p - Natasha
Aim: Natasha (heavily wounded, 58% to hit)
You shoot an arrow.
The arrow hits Natasha but does no damage.
Natasha is heavily wounded.
Natasha barely misses you.
Fire: a) +0 shortbow
Press: ? - help, Q - select action Shift-Dir - straight line, f/p - Natasha
Aim: Natasha (heavily wounded, 58% to hit)
You shoot an arrow.
The arrow hits Natasha but does no damage.
Natasha is heavily wounded.
Natasha closely misses you.
Fire: a) +0 shortbow
Press: ? - help, Q - select action Shift-Dir - straight line, f/p - Natasha
Aim: Natasha (heavily wounded, 58% to hit)
You shoot an arrow. The arrow barely misses Natasha.
Natasha casts a spell at you. The magic dart hits you.
* * * LOW HITPOINT WARNING * * *
Natasha claws you.
You die...

#.......#
##.####.# ## #.###
##..# ..# #...##
#..#...###
###..####.#..###
##.....g....##
#..#.####.###
######.##......#
#.....h.........
...###.@##...#####
#.....#...#.#
......$ .###..#
.#####. .# #.. ##
.# ##


You could see Natasha.

Vanquished Creatures
  A gnoll (D:2)
  An adder (D:2)
  4 endoplasms
  4 goblins
  A hobgoblin (D:1)
  A frilled lizard (D:1)
  2 kobolds (D:1)
  2 rats (D:1)
16 creatures vanquished.

Notes
Turn   | Place    | Note
-------+----------+-------------------------------------------
     0 | D:1      | jasper the Spriggan Hunter began the quest for the Orb.
     0 | D:1      | Reached XP level 1. HP: 10/10 MP: 2/2
   183 | D:1      | Reached XP level 2. HP: 15/15 MP: 3/3
   509 | D:2      | Noticed Natasha
   545 | D:2      | Reached XP level 3. HP: 15/19 MP: 4/4
   586 | D:2      | Slain by Natasha

Illustrated notes

Levels and vault maps discovered:
D:1:      dpeg_arrival_line_fractal, layout_basic
D:2:      layout_rooms, mrwooster_statue_mirror, grunt_decor_arrowhead,
          uniq_jessica, uniq_natasha

Skill      XL: |  1  2 |
---------------+-------+-----
Stealth        | 2 3 |  3.7
Fighting       | 2 |  2.3
Ranged Weapons | |  4.0
Dodging        | |  2.6

Action                     || total
---------------------------++-------
   Fire: Shortbow          ||    39
    Use: Scroll            ||     6
         Potion            ||     1
  Dodge: Dodged            ||     9

Table legend: (Time is in decaauts)
 A = Elapsed time spent in this place.
 B = Non-inter-level travel time spent in this place.
 C = Inter-level travel time spent in this place.
 D = Time resting spent in this place.
 E = Time spent auto-exploring this place.
 F = Levels seen in this place.
 G = Mean time per level.
                   A        B        C        D        E       F      G
               +--------+--------+--------+--------+--------+-----+--------+
         Total |    395 |    363 |     32 |     23 |    226 |   2 |  197.5 |
       Dungeon |    395 |    363 |     32 |     23 |    226 |   2 |  197.5 |
               +--------+--------+--------+--------+--------+-----+--------+

Top non-repeatable levels by time:
     D:1: 338 daAuts
     D:2: 56 daAuts
